[Event "Early Titled Tuesday Blitz | February 8 2022"]
[White "Tuleyeva-Aketayeva, Dana"]
[Black "Niyazgulova, Marina"]
[WhiteFideId "13701932"]
[BlackFideId "24142573"]
[WhiteElo "1944"]
[BlackElo "2075"]
[Result "0-1"]
[Round "10"]
[TimeControl "180+1"]
[Date "2022.02.08"]
[WhiteClock "0:00:02"]
[BlackClock "0:00:11"]

1. d4 d5 2. Nf3 Nf6 3. g3 c6 4. Bg2 Bf5 5. O-O h6 6. Nbd2 e6 7. c4 Bd6 8. Re1 O-O 9. Nh4 Bh7 10. e4 dxe4 11. Nxe4 Bb4 12. Bd2 Bxd2 13. Qxd2 Nbd7 14. Rad1 Qc7 15. d5 cxd5 16. Nxf6+ Nxf6 17. cxd5 exd5 18. Rc1 Qd7 19. Qf4 Rac8 20. Qd4 b6 21. Nf3 Qd6 22. Nd2 Rxc1 23. Rxc1 Re8 24. Nb3 Be4 25. f3 Bg6 26. Qc3 Rd8 27. Nd4 Nd7 28. Qc7 Nc5 29. Qxd6 Rxd6 30. b4 Nd3 31. Rc7 Nxb4 32. Rxa7 Nc6 33. Nxc6 Rxc6 34. Ra8+ Kh7 35. f4 Be4 36. Bxe4+ dxe4 37. Re8 f5 38. Rf8 Kg6 39. Ra8 Rc1+ 40. Kg2 Rc2+ 41. Kg1 Kh5 42. Ra4 Kg4 43. Ra3 Kh3 44. Kf1 Kxh2 45. Ke1 Kg2 46. Kd1 Rb2 47. Kc1 Rf2 48. Rb3 Rf3 49. Rxb6 e3 50. Re6 Kf1 51. Kd1 Rxg3 52. Re5 h5 53. a4 Kf2 54. a5 Rg6 55. Rxf5 e2+ 56. Kc2 e1=Q 0-1


[Site "https://www.chess.com"]

[Event "Early Titled Tuesday Blitz | February 8 2022"]
[White "Turzo, Attila"]
[Black "Yushko, Olga"]
[WhiteFideId "704954"]
[BlackFideId "14114500"]
[WhiteElo "2468"]
[BlackElo "2028"]
[Result "1-0"]
[Round "10"]
[TimeControl "180+1"]
[Date "2022.02.08"]
[WhiteClock "0:01:12"]
[BlackClock "0:00:17"]

1. d4 e6 2. c4 f5 3. g3 Nf6 4. Bg2 Be7 5. Nf3 O-O 6. O-O d6 7. Nc3 Qe8 8. Re1 Ne4 9. Nxe4 fxe4 10. Nd2 d5 11. f3 exf3 12. exf3 Qg6 13. f4 c6 14. Nf3 Bf6 15. b3 Na6 16. Bb2 Bd7 17. Qd2 Rae8 18. Ne5 Bxe5 19. Rxe5 Bc8 20. Rae1 Nb8 21. Bh3 Qf6 22. Ba3 Rf7 23. f5 Nd7 24. fxe6 Nxe5 25. dxe5 Qf3 26. exf7+ Qxf7 27. Bxc8 Rxc8 28. e6 Qh5 29. cxd5 cxd5 30. e7 h6 31. Rf1 Re8 32. Qd3 g5 33. Rf8+ Kg7 34. Bb2+ 1-0


[Site "https://www.chess.com"]

[Event "Early Titled Tuesday Blitz | February 8 2022"]
[White "Urazayev, Arystanbek"]
[Black "Kosteniuk, Alexandra"]
[WhiteFideId "13709810"]
[BlackFideId "4128125"]
[WhiteElo "2321"]
[BlackElo "2469"]
[Result "1/2-1/2"]
[Round "10"]
[TimeControl "180+1"]
[Date "2022.02.08"]
[WhiteClock "0:00:13"]
[BlackClock "0:00:04"]

1. e4 e5 2. Nf3 Nc6 3. Bb5 a6 4. Ba4 Nf6 5. d3 Bc5 6. c3 b5 7. Bb3 d6 8. O-O h6 9. d4 Bb6 10. Re1 O-O 11. h3 Re8 12. Be3 exd4 13. Nxd4 Na5 14. Bc2 Bb7 15. Nd2 Nxe4 16. Bxe4 Bxe4 17. Bxh6 Bg6 18. Be3 c5 19. N4f3 d5 20. a3 d4 21. cxd4 cxd4 22. Bf4 Qd5 23. Ne5 Bf5 24. Qh5 Be6 25. Qh4 d3 26. Ndf3 Bf5 27. Rad1 Nc4 28. Qg5 Bh7 29. Nxd3 Rxe1+ 30. Nfxe1 Rd8 31. b3 Nxa3 32. Qxd5 Rxd5 33. Nb2 Rxd1 34. Nxd1 Bd4 35. Be3 Bf6 36. Bc5 Nc2 37. Kf1 Na1 38. b4 Nb3 39. Bd6 Nd2+ 40. Ke2 Ne4 41. Bc7 Be7 42. Ba5 Bf5 43. Nd3 Be6 44. Ne3 f6 45. f3 Nc3+ 46. Kd2 Nd5 47. Nxd5 Bxd5 48. Nc5 Bxc5 49. bxc5 Kf7 50. Kc3 Ke6 51. Kd4 Bc6 52. h4 g6 53. Bc3 f5 54. Bb4 Bb7 55. Ba5 Bc6 56. Bb4 Bd5 57. Bd2 Bc4 58. Ba5 Bf1 59. g4 fxg4 60. fxg4 Bg2 61. h5 gxh5 62. gxh5 Kf5 63. h6 Kg6 64. Bd2 Bf3 65. Ke5 b4 66. Kd6 b3 67. Bc1 a5 68. c6 Bxc6 69. Kxc6 b2 70. Bxb2 Kxh6 71. Kb5 Kg6 72. Ka4 Kf5 73. Bc3 Kg6 74. Bxa5 1/2-1/2


[Site "https://www.chess.com"]

[Event "Early Titled Tuesday Blitz | February 8 2022"]
[White "Van den Dikkenberg, Erik"]
[Black "Stankovic, Ivan G"]
[WhiteFideId "1005880"]
[BlackFideId "902837"]
[WhiteElo "2118"]
[BlackElo "2195"]
[Result "0-1"]
[Round "10"]
[TimeControl "180+1"]
[Date "2022.02.08"]
[WhiteClock "0:00:12"]
[BlackClock "0:00:14"]

1. e4 c5 2. Nc3 Nc6 3. f4 g6 4. Nf3 Bg7 5. Bc4 d6 6. O-O Nf6 7. d3 O-O 8. Qe1 Nd4 9. Nxd4 cxd4 10. Ne2 e5 11. Kh1 Bg4 12. Ng1 Rc8 13. Bd2 Be6 14. fxe5 dxe5 15. Bb4 Re8 16. Bb5 Bd7 17. Bxd7 Qxd7 18. Rc1 Qa4 19. b3 Qxa2 20. Ra1 Qxc2 21. Rxa7 Rc7 22. Bd6 Rd7 23. Qb4 Qxd3 24. Rf3 Qxe4 25. Qb5 Qc6 26. Qxc6 bxc6 27. Rxd7 Nxd7 28. Ne2 f5 29. Rf1 d3 30. Nc3 e4 31. Na4 e3 32. Bf4 h6 33. Kg1 g5 34. Bd6 f4 35. Rc1 Bd4 36. Kf1 d2 37. Rd1 e2# 0-1


[Site "https://www.chess.com"]

[Event "Early Titled Tuesday Blitz | February 8 2022"]
[White "Vivas Zamora, Fabian Ernesto"]
[Black "Shukhman, Anna"]
[WhiteFideId "3902480"]
[BlackFideId "54180058"]
[WhiteElo "1966"]
[BlackElo "1628"]
[Result "1-0"]
[Round "10"]
[TimeControl "180+1"]
[Date "2022.02.08"]
[WhiteClock "0:02:18"]
[BlackClock "0:02:18"]

1. c4 Nf6 2. Nc3 d5 3. cxd5 Nxd5 4. Nf3 g6 5. h4 Bg7 6. h5 Bg4 7. hxg6 hxg6 8. Qa4+ Bd7 9. Rxh8+ Bxh8 10. Qh4 Bxc3 11. dxc3 Be6 12. Ne5 1-0


[Site "https://www.chess.com"]

[Event "Early Titled Tuesday Blitz | February 8 2022"]
[White "Vlassov, Nikolai"]
[Black "Nilsen, Tobias Lang"]
[WhiteFideId "4103360"]
[BlackFideId "1521624"]
[WhiteElo "2407"]
[BlackElo "2013"]
[Result "0-1"]
[Round "10"]
[TimeControl "180+1"]
[Date "2022.02.08"]
[WhiteClock "0:00:08"]
[BlackClock "0:00:21"]

1. e4 c5 2. c3 Nf6 3. e5 Nd5 4. d4 cxd4 5. cxd4 e6 6. Nc3 Nxc3 7. bxc3 d6 8. f4 Qc7 9. Bd2 b6 10. Nf3 Bb7 11. Bd3 Nd7 12. O-O Be7 13. f5 exf5 14. Bxf5 O-O 15. e6 fxe6 16. Bxe6+ Kh8 17. d5 Nc5 18. Nd4 Bf6 19. Qh5 Bxd4+ 20. cxd4 Nxe6 21. dxe6 Qe7 22. d5 Ba6 23. Rxf8+ Rxf8 24. Bc3 Qc7 25. e7 Qxe7 26. Kh1 Qe3 27. Qh3 Qxh3 28. gxh3 Rf1+ 29. Rxf1 Bxf1 30. h4 Bc4 31. a3 Bxd5+ 32. Kg1 Be4 33. Kf2 Kg8 34. Ke3 d5 35. Kd4 Kf7 36. Ke5 g6 37. Bb4 h5 38. Bd6 Ke8 39. Bb8 a6 40. Ba7 b5 41. Kd6 Kf7 42. Bd4 Ke8 43. Bc3 Kd8 44. Ba5+ Kc8 45. Bb4 Kb7 46. Ba5 Bf3 47. Kc5 Kc8 48. Bc3 Kd7 49. Kb6 Kd6 50. Kxa6 Kc5 51. Ka5 d4 52. Bd2 Kc4 53. Bg5 d3 54. a4 bxa4 55. Kxa4 Kc3 56. Kb5 d2 0-1


[Site "https://www.chess.com"]

[Event "Early Titled Tuesday Blitz | February 8 2022"]
[White "Vokhidov, Shamsiddin"]
[Black "Kouskoutis, Georgios-Alexandros"]
[WhiteFideId "14204223"]
[BlackFideId "4234049"]
[WhiteElo "2611"]
[BlackElo "2130"]
[Result "1-0"]
[Round "10"]
[TimeControl "180+1"]
[Date "2022.02.08"]
[WhiteClock "0:00:14"]
[BlackClock "0:00:02"]

1. e4 c5 2. Nf3 e6 3. d4 cxd4 4. Nxd4 Nc6 5. Nc3 Qc7 6. Be3 a6 7. Qf3 b5 8. Qg3 Qxg3 9. hxg3 Bb7 10. O-O-O Rc8 11. f3 Nxd4 12. Bxd4 f6 13. g4 Bc5 14. a4 b4 15. Ne2 Ne7 16. Nf4 Bxd4 17. Rxd4 a5 18. Bb5 Bc6 19. Nh5 Rg8 20. Rhd1 Rc7 21. Rd6 Nc8 22. R6d4 Nb6 23. b3 Ke7 24. R1d2 g6 25. Ng3 Bxb5 26. axb5 Rc5 27. Rd1 Rxb5 28. Rh1 Rg7 29. Nf1 e5 30. Rd2 d5 31. Ng3 d4 32. Ne2 Rc5 33. Kb1 a4 34. Nc1 Ke6 35. Nd3 Rb5 36. Kb2 Rc7 37. Ra1 a3+ 38. Ka2 Nd7 39. f4 Nc5 40. f5+ Kd6 41. Nf2 g5 42. Rh1 Na6 43. Rh6 Rf7 44. Nh3 Ke7 45. Nxg5 fxg5 46. Rxa6 Rf6 47. Ra7+ Kf8 48. Rxh7 Rc6 49. Ra7 Rbc5 50. Kb1 Rc3 51. Ra4 Rb6 52. Rd1 Re3 53. Rh1 d3 54. Ra7 dxc2+ 55. Kc1 Kg8 56. Kxc2 Rc6+ 57. Kd2 Rxe4 58. Rhh7 Rxg4 59. Rhg7+ Kf8 60. Rgb7 Rxg2+ 61. Ke3 1-0


[Site "https://www.chess.com"]

[Event "Early Titled Tuesday Blitz | February 8 2022"]
[White "Volkov, Maksim"]
[Black "Krzywda, Andrzej"]
[WhiteFideId "54123070"]
[BlackFideId "1114565"]
[WhiteElo "2081"]
[BlackElo "2098"]
[Result "1/2-1/2"]
[Round "10"]
[TimeControl "180+1"]
[Date "2022.02.08"]
[WhiteClock "0:00:12"]
[BlackClock "0:00:06"]

1. d4 Nf6 2. c4 c5 3. d5 b5 4. Nf3 Bb7 5. Bg5 Qb6 6. Nc3 bxc4 7. Qd2 e6 8. dxe6 dxe6 9. e3 Nc6 10. Bxc4 Rd8 11. Qe2 Be7 12. O-O O-O 13. Rfd1 Na5 14. Bb5 a6 15. Ba4 Bxf3 16. gxf3 Nc6 17. Kh1 Nb4 18. Ne4 Nbd5 19. Rg1 Kh8 20. Rad1 Qb4 21. Qc2 Nxe4 22. fxe4 Bxg5 23. exd5 Bf6 24. Bb3 exd5 25. Rxd5 Rxd5 26. Bxd5 Rd8 27. Bxf7 Qb7+ 28. e4 Qxf7 29. Qxc5 Qb7 30. f3 Qxb2 31. Qc4 Qf2 32. Rf1 Qd2 33. Qxa6 Qd3 34. Qxd3 Rxd3 35. Kg2 Ra3 36. Rf2 h5 37. f4 Bd4 38. Re2 Kg8 39. e5 Kf7 40. f5 Ra5 41. e6+ Ke7 42. Rd2 Ra4 43. Kf3 h4 44. h3 Bc5 45. Rd7+ Kf6 46. Rf7+ Ke5 47. e7 Bxe7 48. Rxe7+ Kxf5 49. Rxg7 Ra3+ 50. Kg2 Rxa2+ 51. Kh1 Kf4 52. Rg4+ Kf3 53. Rg8 Ra1+ 54. Kh2 Ra2+ 55. Kh1 Ra3 56. Kh2 Ra2+ 57. Kh1 1/2-1/2


[Site "https://www.chess.com"]

[Event "Early Titled Tuesday Blitz | February 8 2022"]
[White "Wagner, Dennis"]
[Black "Di Nicolantonio, Lucas"]
[WhiteFideId "24650684"]
[BlackFideId "680460"]
[WhiteElo "2355"]
[BlackElo "2381"]
[Result "1-0"]
[Round "10"]
[TimeControl "180+1"]
[Date "2022.02.08"]
[WhiteClock "0:00:03"]
[BlackClock "0:00:43"]

1. d4 f5 2. Nf3 Nf6 3. c4 g6 4. Nc3 Bg7 5. b4 O-O 6. e3 d6 7. Bb2 h6 8. Be2 Qe8 9. O-O e5 10. dxe5 dxe5 11. b5 Nbd7 12. Nd5 Nxd5 13. Qxd5+ Kh7 14. c5 e4 15. Nd4 Ne5 16. Rad1 a6 17. bxa6 c6 18. axb7 Bxb7 19. Qb3 Ba6 20. Bxa6 Rxa6 21. Ne6 Rf7 22. Rd8 Qe7 23. Bxe5 Bxe5 24. Rfd1 Ra7 25. g3 Qb7 26. Nf8+ Kg7 27. Qe6 Bf6 28. R1d7 Qb1+ 29. Kg2 Raxd7 30. Rxd7 Rxd7 31. Nxd7 Bg5 32. h4 Bxe3 33. Qe7+ Kh8 34. Qf8+ Kh7 35. Nf6# 1-0


[Site "https://www.chess.com"]

[Event "Early Titled Tuesday Blitz | February 8 2022"]
[White "Wahedi, Ahmad Siar"]
[Black "Necula, Iulian"]
[WhiteFideId "4651260"]
[BlackFideId "1232380"]
[WhiteElo "2357"]
[BlackElo "1776"]
[Result "1-0"]
[Round "10"]
[TimeControl "180+1"]
[Date "2022.02.08"]
[WhiteClock "0:01:29"]
[BlackClock "0:00:16"]

1. c4 f5 2. Nc3 Nf6 3. g3 g6 4. Bg2 Bg7 5. d3 O-O 6. e4 d6 7. f4 fxe4 8. dxe4 c6 9. Nf3 Nbd7 10. O-O Qb6+ 11. Kh1 e5 12. Qxd6 exf4 13. e5 Ng4 14. e6 Nde5 15. e7 Re8 16. Bxf4 Nf2+ 17. Rxf2 Qxf2 18. Bxe5 Bg4 19. Ne4 Qxf3 20. Bxf3 Bxf3+ 21. Kg1 Bxe4 22. Bxg7 Kxg7 23. Qe5+ Kh6 24. Qxe4 Rac8 25. Rf1 Kg7 26. Qe5+ Kg8 27. Qe6+ Kg7 28. Rf7+ Kh6 29. Qe3+ g5 30. Qe6+ Kh5 31. Rxh7# 1-0


[Site "https://www.chess.com"]

[Event "Early Titled Tuesday Blitz | February 8 2022"]
[White "Weishaeutel, Moritz"]
[Black "Garriga Cazorla, Pere"]
[WhiteFideId "12967300"]
[BlackFideId "32011601"]
[WhiteElo "2002"]
[BlackElo "2458"]
[Result "0-1"]
[Round "10"]
[TimeControl "180+1"]
[Date "2022.02.08"]
[WhiteClock "0:00:03"]
[BlackClock "0:00:46"]

1. e4 c5 2. b4 cxb4 3. a3 e5 4. Nf3 Nc6 5. Bb2 bxa3 6. Nxa3 d6 7. d4 exd4 8. Nxd4 Nf6 9. Bb5 Bd7 10. O-O Be7 11. Qf3 O-O 12. Nf5 Bxf5 13. Qxf5 Qc8 14. Qg5 h6 15. Qg3 a6 16. Bd3 Qg4 17. Qe3 b5 18. h3 Qd7 19. f4 Nb4 20. Be2 Rac8 21. Qd2 d5 22. Bxf6 gxf6 23. Bg4 Qa7+ 24. Kh2 Rcd8 25. e5 Kg7 26. exf6+ Kxf6 27. Nxb5 Qc5 28. Nd4 Kg7 29. Nf5+ Kh8 30. Nxh6 Bf6 31. Ra4 Nxc2 32. Rc1 Ne3 33. Rxc5 Nf1+ 34. Kg1 Nxd2 35. Rc6 Bg7 36. Raxa6 Bd4+ 37. Kh2 Nf1+ 38. Kh1 Be3 39. Nf5 Bxf4 40. Bf3 d4 41. Rc4 Rfe8 42. Rxd4 Rxd4 43. Nxd4 Re1 44. Ra8+ Kh7 45. g4 Ne3# 0-1


[Site "https://www.chess.com"]

[Event "Early Titled Tuesday Blitz | February 8 2022"]
[White "Xiong, Jeffery"]
[Black "Sanal, Vahap"]
[WhiteFideId "2047640"]
[BlackFideId "6300545"]
[WhiteElo "2727"]
[BlackElo "2603"]
[Result "0-1"]
[Round "10"]
[TimeControl "180+1"]
[Date "2022.02.08"]
[WhiteClock "0:00:09"]
[BlackClock "0:00:04"]

1. d4 Nf6 2. Nf3 g6 3. Nbd2 Bg7 4. e4 d6 5. Be2 O-O 6. O-O Nbd7 7. c3 e5 8. Re1 Re8 9. Qc2 b6 10. a4 a5 11. Bb5 Bb7 12. d5 Rf8 13. b4 Nh5 14. Nc4 h6 15. Rb1 f5 16. bxa5 fxe4 17. Qxe4 Ndf6 18. Qxg6 Bxd5 19. axb6 c6 20. b7 Rb8 21. Ba6 Bf7 22. Qc2 Bd5 23. Ncd2 Nf4 24. Bc4 Bxc4 25. Nxc4 N6d5 26. a5 Qd7 27. Bxf4 Nxf4 28. Qb3 Kh8 29. Ne3 e4 30. Nh4 Qd8 31. Nhf5 Qg5 32. h4 Qg6 33. Ng3 Nd3 34. h5 Qg5 35. Nxe4 Qf4 36. a6 Nxf2 37. a7 Nxe4 38. axb8=Q Qf2+ 39. Kh1 Rxb8 40. Qe6 Qh4+ 41. Kg1 Qf2+ 42. Kh1 Ng3+ 43. Kh2 Be5 44. Qxh6+ Kg8 45. Qg6+ Kf8 46. Ng4 Nf1+ 47. Kh1 Ng3+ 48. Kh2 Ne2+ 0-1


[Site "https://www.chess.com"]

[Event "Early Titled Tuesday Blitz | February 8 2022"]
[White "Yanayt, Eugene"]
[Black "Bettalli, Francesco"]
[WhiteFideId "2020165"]
[BlackFideId "2816453"]
[WhiteElo "2046"]
[BlackElo "2216"]
[Result "1-0"]
[Round "10"]
[TimeControl "180+1"]
[Date "2022.02.08"]
[WhiteClock "0:00:19"]
[BlackClock "0:00:02"]

1. d4 e5 2. dxe5 Nc6 3. Bf4 Qe7 4. Nf3 Qb4+ 5. Bd2 Qxb2 6. Nc3 Bb4 7. Rb1 Qa3 8. Rb3 Qa5 9. a3 Bxc3 10. Bxc3 Qc5 11. e3 Nge7 12. Bd3 d6 13. exd6 Qxd6 14. O-O Be6 15. Rxb7 O-O 16. Ng5 h6 17. Ne4 Qxa3 18. Qh5 Bf5 19. Ra1 Bg6 20. Qh3 Qxa1+ 21. Bxa1 Rad8 22. Nc5 Rd5 23. Bd4 Nxd4 24. exd4 Rxd4 25. Rxc7 Nd5 26. Rc8 Rxc8 27. Qxc8+ Kh7 28. Nd7 h5 29. Nf8+ Kh6 30. Nxg6 fxg6 31. Qh8+ Kg5 32. Qxg7 Rg4 33. Qe5+ Kh6 34. Qxd5 h4 35. Qe5 h3 36. Qe3+ g5 37. Qxh3+ Rh4 38. Qe6+ Kh5 39. Qg6+ Kg4 40. f3+ Kf4 41. Qe4# 1-0


[Site "https://www.chess.com"]

[Event "Early Titled Tuesday Blitz | February 8 2022"]
[White "Yonal, Timur"]
[Black "Alimpic, Aleksa"]
[WhiteFideId "44115725"]
[BlackFideId "974323"]
[WhiteElo "1762"]
[BlackElo "2131"]
[Result "1-0"]
[Round "10"]
[TimeControl "180+1"]
[Date "2022.02.08"]
[WhiteClock "0:00:10"]
[BlackClock "0:00:07"]

1. e4 g6 2. d4 Bg7 3. c3 c6 4. Nf3 d5 5. exd5 cxd5 6. Bd3 Nc6 7. O-O Nf6 8. Re1 Bf5 9. Bf1 O-O 10. h3 Re8 11. Bf4 Ne4 12. Nbd2 Qd7 13. Nxe4 Bxe4 14. Ng5 Qf5 15. Be3 h6 16. Nxe4 dxe4 17. Be2 Rad8 18. Qb3 Na5 19. Qa4 b6 20. b4 Nc6 21. Qxc6 e5 22. dxe5 Bxe5 23. Bd4 Rd6 24. Qxe8+ Kh7 25. Bxe5 1-0


[Site "https://www.chess.com"]

[Event "Early Titled Tuesday Blitz | February 8 2022"]
[White "Zaichenko, Daria"]
[Black "Kiseleva, Arina"]
[WhiteFideId "4197453"]
[BlackFideId "4164989"]
[WhiteElo "2039"]
[BlackElo "1866"]
[Result "1-0"]
[Round "10"]
[TimeControl "180+1"]
[Date "2022.02.08"]
[WhiteClock "0:01:52"]
[BlackClock "0:00:25"]

1. e4 c6 2. d4 d5 3. Nc3 dxe4 4. Nxe4 Nf6 5. Nxf6+ exf6 6. Nf3 Bg4 7. c3 Bd6 8. Bd3 Qe7+ 9. Be3 Bf4 10. Qd2 Bxe3 11. fxe3 Na6 12. O-O-O Nc7 13. e4 O-O-O 14. h3 Be6 15. Kb1 g6 16. Rhe1 Kb8 17. c4 Bc8 18. e5 f5 19. Bc2 f6 20. Qa5 fxe5 21. Nxe5 Qf6 22. Ba4 Rhe8 23. Qb4 Ka8 24. a3 Na6 25. Qa5 Re7 26. Qxd8 1-0


[Site "https://www.chess.com"]

[Event "Early Titled Tuesday Blitz | February 8 2022"]
[White "Zavgorodniy, Sergiy"]
[Black "Toncheva, Nadya"]
[WhiteFideId "14110148"]
[BlackFideId "2924056"]
[WhiteElo "2420"]
[BlackElo "1920"]
[Result "1-0"]
[Round "10"]
[TimeControl "180+1"]
[Date "2022.02.08"]
[WhiteClock "0:00:28"]
[BlackClock "0:00:02"]

1. e4 c5 2. Nf3 e6 3. d3 g6 4. Bg5 f6 5. Be3 Nc6 6. g3 b6 7. Bg2 Bg7 8. d4 cxd4 9. Nxd4 Bb7 10. Nb5 Bf8 11. O-O a6 12. Nd6+ Bxd6 13. Qxd6 Nge7 14. Rd1 Nc8 15. Qd2 d6 16. Nc3 O-O 17. f4 Qc7 18. a4 Rd8 19. f5 N8e7 20. fxe6 Ne5 21. b3 Rac8 22. Bd4 d5 23. Qf4 dxe4 24. Nxe4 Bxe4 25. Bxe4 Kg7 26. c3 Nd5 27. Bxd5 Rxd5 28. c4 Rdd8 29. Bxe5 Qxe5 30. Qxe5 fxe5 31. Rd7+ Rxd7 32. exd7 Rd8 33. Rd1 Kf7 34. Rd6 Ke7 35. Rxb6 a5 36. Rb7 Kd6 37. Kf2 Kc6 38. Rb5 Rxd7 39. Rxa5 e4 40. Rd5 Rb7 41. Rb5 Rf7+ 42. Ke2 Rf3 43. a5 Rd3 44. a6 Rc3 45. Ra5 Rc2+ 46. Ke3 Rxc4 1-0


[Site "https://www.chess.com"]

[Event "Early Titled Tuesday Blitz | February 8 2022"]
[White "Zhigalko, Sergei"]
[Black "Perez Gormaz, Matias"]
[WhiteFideId "13502956"]
[BlackFideId "3406342"]
[WhiteElo "2662"]
[BlackElo "2352"]
[Result "1-0"]
[Round "10"]
[TimeControl "180+1"]
[Date "2022.02.08"]
[WhiteClock "0:00:25"]
[BlackClock "0:00:01"]

1. e4 c5 2. Nf3 d6 3. d4 cxd4 4. Qxd4 Nc6 5. Bb5 Bd7 6. Bxc6 Bxc6 7. Nc3 Nf6 8. Bg5 e6 9. O-O-O Be7 10. Rhe1 O-O 11. Kb1 h6 12. Bh4 b5 13. Bxf6 Bxf6 14. Qxd6 Bxc3 15. Qxc6 Bxe1 16. Rxd8 Raxd8 17. a3 Bxf2 18. Qxb5 Rb8 19. Qe2 Bc5 20. Ka2 Rfc8 21. Ne5 Bd4 22. Nd3 a5 23. g4 Rb7 24. h4 Bf6 25. Qf2 Rbc7 26. c3 Rd8 27. g5 hxg5 28. hxg5 Bxc3 29. Qb6 Rcd7 30. Nc5 Bd4 31. Qxa5 Bxc5 32. Qxc5 Rd4 33. g6 fxg6 34. Qe7 1-0


[Site "https://www.chess.com"]

[Event "Early Titled Tuesday Blitz | February 8 2022"]
[White "Zubov, Alexander"]
[Black "Atakhan, Abtin"]
[WhiteFideId "14109409"]
[BlackFideId "22502203"]
[WhiteElo "2685"]
[BlackElo "2119"]
[Result "1-0"]
[Round "10"]
[TimeControl "180+1"]
[Date "2022.02.08"]
[WhiteClock "0:00:32"]
[BlackClock "0:00:04"]

1. d4 d5 2. c4 c6 3. Nf3 Nf6 4. Nc3 a6 5. c5 Bf5 6. Bf4 Nbd7 7. h3 e6 8. e3 Be7 9. Bd3 Bxd3 10. Qxd3 O-O 11. O-O Qc8 12. b4 Bd8 13. Bd6 Re8 14. Ne5 Bc7 15. Bxc7 Qxc7 16. f4 b5 17. a4 Qb7 18. Ra3 Reb8 19. Rfa1 Qc8 20. R1a2 Nxe5 21. fxe5 Nd7 22. e4 a5 23. axb5 axb4 24. Rxa8 Rxa8 25. Rxa8 Qxa8 26. bxc6 Qxc6 27. exd5 exd5 28. Ne2 f6 29. e6 Qxe6 30. Qb5 Nf8 31. Kf2 Qf5+ 32. Ke3 Qb1 33. c6 Qb3+ 34. Kf2 Ne6 35. Qb8+ Kf7 36. c7 Nxc7 37. Qxc7+ Kg8 38. Qc8+ Kf7 39. Qd7+ Kf8 40. Nf4 Qb2+ 41. Kg3 Qc3+ 42. Kh2 1-0


[Site "https://www.chess.com"]

[Event "Early Titled Tuesday Blitz | February 8 2022"]
[White "Adewumi, Tanitoluwa"]
[Black "Xu, Yuanyuan"]
[WhiteFideId "30966396"]
[BlackFideId "8601089"]
[WhiteElo "2426"]
[BlackElo "2281"]
[Result "1-0"]
[Round "11"]
[TimeControl "180+1"]
[Date "2022.02.08"]
[WhiteClock "0:00:21"]
[BlackClock "0:00:01"]

1. d4 d5 2. Bf4 Nf6 3. e3 c5 4. Nc3 cxd4 5. exd4 a6 6. Nf3 Nc6 7. h3 Bf5 8. Bd3 Bxd3 9. Qxd3 e6 10. O-O Bd6 11. Bg5 h6 12. Bh4 O-O 13. a3 b5 14. Rae1 Be7 15. Ne5 Nxe5 16. dxe5 Nd7 17. Bxe7 Qxe7 18. f4 Nc5 19. Qg3 d4 20. Ne2 Rfd8 21. Rd1 Qa7 22. Kh2 Na4 23. f5 exf5 24. Rxf5 Nxb2 25. Rdf1 Rd7 26. Nf4 Kh7 27. e6 fxe6 28. Qg6+ Kh8 29. Nxe6 Rg8 30. Rf8 Rd8 31. R1f7 Qb6 32. Qxg7# 1-0


[Site "https://www.chess.com"]

[Event "Early Titled Tuesday Blitz | February 8 2022"]
[White "Alekseev, Evgeny"]
[Black "Abdusattorov, Nodirbek"]
[WhiteFideId "4138147"]
[BlackFideId "14204118"]
[WhiteElo "2589"]
[BlackElo "2663"]
[Result "0-1"]
[Round "11"]
[TimeControl "180+1"]
[Date "2022.02.08"]
[WhiteClock "0:00:02"]
[BlackClock "0:00:04"]

1. e4 c5 2. Nf3 Nc6 3. Bb5 g6 4. O-O Bg7 5. c3 Nf6 6. Re1 O-O 7. h3 Qb6 8. Ba4 d6 9. d3 Bd7 10. Nbd2 Rac8 11. Nf1 Ne5 12. Nxe5 dxe5 13. Bxd7 Nxd7 14. Be3 Rfd8 15. Qb3 Qc6 16. Red1 Nf8 17. Qc2 Ne6 18. g3 f5 19. Qe2 Rf8 20. Nh2 Rf7 21. Rf1 Rcf8 22. Rad1 Qd7 23. h4 f4 24. Bc1 f3 25. Qe3 Nd4 26. Kh1 Qh3 27. Rg1 Ne2 28. Qxc5 Bf6 29. Qc4 Rd8 30. Be3 b6 31. d4 Nxg1 32. Rxg1 exd4 33. cxd4 e6 34. e5 Be7 35. Qc6 Kg7 36. Qe4 h6 37. a3 g5 38. Qg4 Qxg4 39. Nxg4 gxh4 40. Nxh6 Rh8 41. gxh4+ Kf8 42. Rg6 Rfh7 43. h5 Bh4 44. Kg1 Rg7 45. Kf1 Rxg6 46. hxg6 Kg7 47. Nf7 Rc8 48. Nd6 Rc2 49. b4 Ra2 50. Kg1 Kxg6 0-1


[Site "https://www.chess.com"]

[Event "Early Titled Tuesday Blitz | February 8 2022"]
[White "Alghamdi, Ahmed M"]
[Black "Dauner, Benedikt"]
[WhiteFideId "21500150"]
[BlackFideId "16225899"]
[WhiteElo "2110"]
[BlackElo "2230"]
[Result "0-1"]
[Round "11"]
[TimeControl "180+1"]
[Date "2022.02.08"]
[WhiteClock "0:00:02"]
[BlackClock "0:00:18"]

1. e4 Nf6 2. e5 Nd5 3. d4 d6 4. Nf3 g6 5. Bc4 Nb6 6. Bb3 Bg7 7. Ng5 e6 8. Qf3 Qe7 9. Ne4 dxe5 10. Bg5 Qb4+ 11. c3 Qa5 12. O-O N8d7 13. Nf6+ Nxf6 14. Bxf6 O-O 15. dxe5 Bxf6 16. exf6 Qf5 17. Qg3 c6 18. Nd2 Qxf6 19. Ne4 Qg7 20. Rad1 Nd5 21. c4 Nf6 22. Nd6 Ne8 23. c5 b6 24. Ne4 Nf6 25. Nxf6+ Qxf6 26. Qc7 Ba6 27. Rfe1 Rfc8 28. Qd7 bxc5 29. h3 c4 30. Ba4 Bb5 31. Bxb5 cxb5 32. Qxb5 Rab8 33. Qa6 Qxb2 34. Qxa7 Rb7 35. Qa6 c3 36. Rd7 Rcb8 37. Rxb7 Rxb7 38. Qc6 c2 39. Kh2 Kg7 40. Qc5 h5 41. h4 Rb4 42. g3 Ra4 43. Qe3 Rxa2 44. Rc1 Ra1 0-1


[Site "https://www.chess.com"]

[Event "Early Titled Tuesday Blitz | February 8 2022"]
[White "Alinasab, Mobina"]
[Black "Ezat, Mohamed"]
[WhiteFideId "12528897"]
[BlackFideId "10600906"]
[WhiteElo "2061"]
[BlackElo "2386"]
[Result "0-1"]
[Round "11"]
[TimeControl "180+1"]
[Date "2022.02.08"]
[WhiteClock "0:00:03"]
[BlackClock "0:00:09"]

1. e4 c6 2. d4 d5 3. Nd2 dxe4 4. Nxe4 Bf5 5. Ng3 Bg6 6. N1e2 Nf6 7. h4 h6 8. Nf4 Bh7 9. Bc4 e6 10. O-O Bd6 11. Re1 O-O 12. Ngh5 Nxh5 13. Nxh5 Qxh4 14. g3 Qh3 15. Bf1 Qf5 16. Bd3 Qh3 17. Bf1 Qf5 18. Bd3 Qa5 19. Bd2 Bb4 20. Qg4 Bg6 21. Bxg6 fxg6 22. Qxg6 Rf7 23. c3 Bf8 24. Bxh6 Qf5 25. Qxf5 Rxf5 26. g4 Rxh5 27. gxh5 gxh6 28. Rxe6 Nd7 29. Kg2 Kf7 30. Rae1 Nf6 31. R6e5 Bd6 32. Rf5 Rg8+ 33. Kf3 Rg5 34. Rxg5 hxg5 35. Rh1 g4+ 36. Ke3 Kg7 37. h6+ Kh7 38. c4 b6 39. Kd3 Bf8 40. Re1 Kg6 41. Re6 c5 42. d5 Kf5 43. Re2 Bxh6 44. a3 Bf4 45. b4 Bd6 46. b5 Be5 47. a4 Nh5 48. Re1 Nf4+ 49. Kc2 Nh3 50. Re2 Bf4 51. Kb3 Be5 52. Kc2 Kf4 53. Kd3 Ng5 54. a5 bxa5 55. Ra2 Bc7 56. Ke2 Ne4 57. Ra3 Nd6 58. Kd3 Kf3 59. Ra2 Bb6 60. Re2 Nf5 61. Re8 Nd4 62. Rf8+ Kg2 63. Ke4 a4 64. Kd3 a3 65. Kc3 Ba5+ 66. Kd3 a2 67. d6 a1=Q 68. d7 Qc3+ 69. Ke4 Qe1+ 70. Kd5 Qe6+ 71. Kxc5 Bb6+ 72. Kb4 Qe7+ 73. c5 Qxc5+ 74. Ka4 Qxb5+ 75. Ka3 Qb3# 0-1


[Site "https://www.chess.com"]